 Dungeon Crawl Stone Soup version 0.21-a0-450-gd87a9b27c2 (webtiles) character file.

10679 Infinimo the Arsonist (level 11, 0/56 HPs)
             Began as a Deep Elf Fire Elementalist on Nov 19, 2017.
             Was an Elder of Vehumet.
             Slain by a blink frog (5 damage)
             ... on level 1 of the Lair of Beasts.
             The game lasted 00:30:48 (10733 turns).

Infinimo the Arsonist (Deep Elf Fire Elementalist) Turns: 10733, Time: 00:30:51

Health: 0/56       AC:  6    Str:  6    XL:     11   Next: 39%
Magic:  16/27      EV: 18    Int: 23    God:    Vehumet [****..]
Gold:   682        SH:  0    Dex: 15    Spells: 15/30 levels left

rFire    + . .     SeeInvis .   B - +3 flail (protect)
rCold    . . .     Gourm    .   (no shield)
rNeg     . . .     Faith    .   y - +2 robe {MR+}
rPois    .         Spirit   .   a - +0 helmet
rElec    .         Reflect  .   (no cloak)
rCorr    .         Harm     .   (no gloves)
MR       +++..                  E - +0 pair of boots
Stlth    ++........             d - amulet of regeneration
HPRegen  0.58/turn              x - ring of protection from fire
MPRegen  0.20/turn              o - ring of protection from magic

@: no status effects
A: no striking features
a: Renounce Religion


You were on level 1 of the Lair of Beasts.
You worshipped Vehumet.
Vehumet was greatly pleased with you.
You were not hungry.

You visited 3 branches of the dungeon, and saw 12 of its levels.

You collected 682 gold pieces.

Inventory:

Hand Weapons
 B - a +3 flail of protection (weapon)
Armour
 a - a +0 helmet (worn)
 y - a +2 robe of magic resistance (worn)
 E - a +0 pair of boots (worn)
Jewellery
 d - an amulet of regeneration (around neck)
 o - a ring of protection from magic (right hand)
 q - an uncursed amulet of faith
 r - an uncursed ring of see invisible {unknown}
 t - an uncursed ring of positive energy
 x - a ring of protection from fire (left hand)
 J - an uncursed amulet of magic regeneration {unknown}
 K - a +3 amulet of reflection {unknown}
Wands
 l - a wand of disintegration (7/24)
 u - a wand of acid (3/15)
Scrolls
 j - a scroll of recharging
 n - 8 scrolls of remove curse
 p - 2 scrolls of magic mapping
 A - 5 scrolls of teleportation
 G - a scroll of random uselessness {unknown}
 H - a scroll of identify
 I - a scroll of immolation {unknown}
 L - a scroll of blinking {unknown}
Potions
 e - a potion of berserk rage {unknown}
 f - a potion of mutation {unknown}
 g - 7 potions of degeneration {unknown}
 i - 2 potions of curing
 m - 3 potions of flight
 s - 2 potions of ambrosia
 v - 2 potions of agility {unknown}
 z - 2 potions of haste {unknown}
 D - 2 potions of brilliance {unknown}
Books
 b - a book of Flames

   Spells                             Type                      Level
   a - Flame Tongue                   Conjuration/Fire             1
   b - Throw Flame                    Conjuration/Fire             2
   c - Conjure Flame                  Conjuration/Fire             3
   d - Inner Flame                    Hexes/Fire                   3
   e - Sticky Flame                   Conjuration/Fire             4
   f - Fireball                       Conjuration/Fire             5
 w - a book of Maledictions

   Spells                             Type                      Level
   a - Corona                         Hexes                        1
   b - Ensorcelled Hibernation        Hexes/Ice                    2
   c - Confuse                        Hexes                        3
   d - Tukima's Dance                 Hexes                        3
   e - Dazzling Spray                 Conjuration/Hexes            3
 F - a book of Air

   Spells                             Type                      Level
   a - Shock                          Conjuration/Air              1
   b - Swiftness                      Charms/Air                   2
   c - Static Discharge               Conjuration/Air              3
   d - Airstrike                      Air                          4
   e - Lightning Bolt                 Conjuration/Air              5
Comestibles
 c - 4 bread rations
 h - 26 fruits
 k - 5 meat rations
 C - 3 royal jellies


   Skills:
 + Level 1.4 Fighting
 - Level 9.0 Dodging
 - Level 2.4 Stealth
 - Level 10.1 Spellcasting
 - Level 11.0 Conjurations
 - Level 6.0 Charms
 - Level 11.1 Fire Magic


You had 15 spell levels left.
You knew the following spells:

 Your Spells              Type           Power        Failure   Level  Hunger
a - Flame Tongue          Conj/Fire      #####        1%          1    None
b - Conjure Flame         Conj/Fire      ######..     1%          3    None
c - Sticky Flame          Conj/Fire      ######..     1%          4    #......
d - Fireball              Conj/Fire      ######....   1%          5    ####...
e - Swiftness             Chrm/Air       ####....     2%          2    None


Dungeon Overview and Level Annotations

Branches:
Dungeon (10/15)            Temple (1/1) D:5            Lair (1/6) D:10
    Orc (0/2) D:9

Altars:
Ashenzari
Dithmenos
Elyvilon
Fedhas
Gozag
Hepliaklqana
Kikubaaqudgha
Makhleb
Nemelex Xobeh
Okawaru
Qazlal
Ru
Sif Muna
Trog
Uskayaw
Vehumet
Wu Jian
Xom
Yredelemnul
Zin
The Shining One
Beogh

Shops:
D:7 (   D:8 :


Message History

Casting: Flame Tongue
Confirm with . or Enter, or press ? or * to list all spells.
Aiming: Flame Tongue
Press: ? - help, Shift-Dir - straight line, f - blink frog
Aim: a blink frog The flame tongue hits the blink frog.
The blink frog is moderately wounded.
The blink frog hits you!
Casting: Flame Tongue
Confirm with . or Enter, or press ? or * to list all spells.
Aiming: Sticky Flame
Press: ? - help, Shift-Dir - straight line, f/p - blink frog
Aim: a blink frog (moderately wounded)
The sticky flame hits the blink frog.
The blink frog is heavily wounded.
The blink frog is covered in liquid flames!
The blink frog burns!
The blink frog hits you!
* * * LOW HITPOINT WARNING * * *
The blink frog hits you.
You die...

..# #.## #.P # #.# ###
## .#
P########.#####.###.#..#
.......................#
.......................#
..........###P##.F.....#
..........# ####@.......
.........## #F.......
.........#######†.......
........................
#.#...##..##P.#.........
#.......#.....#.........
#.......#...............
...../..#.....#.........
........÷.....#.##.#+#


You could see 2 blink frogs.

Vanquished Creatures
  A catoblepas (D:10)
  A two-headed ogre (D:10)
  An unseen horror (D:10)
  A spiny frog (Lair:1)
  A komodo dragon (Lair:1)
  A troll (D:10)
  2 blink frogs (Lair:1)
  Sigmund (D:6)
  2 wyverns (D:10)
  10 yaks
  Eustachio (D:7)
  2 hungry ghosts
  Duvessa (D:5)
  A water moccasin (Lair:1)
  A porcupine (Lair:1)
  7 orc warriors
  3 ice beasts
  A hornet zombie (D:6)
  3 sky beasts
  A phantom (D:4)
  3 ogres
  2 crocodiles
  3 centaurs
  2 big kobolds (D:10)
  7 bullfrogs
  Dowan (D:5)
  A gnoll sergeant (D:10)
  A wyvern skeleton (D:8)
  6 scorpions
  10 killer bees
  7 wights
  4 crimson imps
  3 jellies
  A centaur skeleton (D:8)
  A centaur zombie (D:6)
  2 hounds
  8 orc priests
  5 orc wizards
  2 bullfrog skeletons
  2 iguanas
  Natasha (thrice) (D:3)
  6 worker ants
  A hound zombie (D:7)
  A worker ant zombie (D:6)
  4 gnolls (D:10)
  12 adders
  2 shadow imps
  2 oozes
  3 adder skeletons
  2 worms (D:4)
  3 leopard geckos
  43 orcs
  5 giant cockroaches
  4 goblins
  8 hobgoblins
  11 jackals
  4 quokkas
  3 ball pythons
  10 bats
  2 frilled lizards
  13 kobolds
  A leopard gecko skeleton (D:8)
  A quokka skeleton (D:4)
  11 rats
268 creatures vanquished.

Vanquished Creatures (others)
  11 fungi
  5 plants
16 creatures vanquished.

Grand Total: 284 creatures vanquished

Notes
Turn   | Place    | Note
-------+----------+-------------------------------------------
     0 | D:1      | Infinimo the Deep Elf Fire Elementalist began the quest for the Orb.
     0 | D:1      | Reached XP level 1. HP: 10/10 MP: 6/6
   233 | D:1      | Reached XP level 2. HP: 15/15 MP: 4/8
  1136 | D:2      | Reached XP level 3. HP: 19/19 MP: 6/9
  1944 | D:3      | Noticed Natasha
  1951 | D:3      | Killed Natasha
  1951 | D:3      | Reached XP level 4. HP: 24/24 MP: 6/10
  2308 | D:3      | Reached skill level 5 in Fire Magic
  2442 | D:3      | Noticed Natasha
  2450 | D:3      | Killed Natasha
  2450 | D:3      | Reached XP level 5. HP: 19/28 MP: 4/11
  2861 | D:3      | Noticed Natasha
  2862 | D:3      | Killed Natasha
  3000 | D:4      | Noticed an ogre
  3008 | D:4      | Killed an ogre
  3008 | D:4      | Reached XP level 6. HP: 32/32 MP: 4/12
  3122 | D:4      | Found a stormy altar of Qazlal.
  3135 | D:4      | Found a stormy altar of Qazlal.
  3187 | D:4      | Reached skill level 5 in Conjurations
  3836 | D:5      | Entered Level 5 of the Dungeon
  3848 | D:5      | Reached XP level 7. HP: 15/36 MP: 6/13
  3901 | D:5      | Noticed Eustachio
  4061 | D:4      | Learned a level 3 spell: Conjure Flame
  4066 | D:4      | Learned a level 4 spell: Sticky Flame
  4194 | D:5      | Found a staircase to the Ecumenical Temple.
  4212 | Temple   | Entered the Ecumenical Temple
  4428 | Temple   | Became a worshipper of Vehumet
  4498 | D:5      | Found a deep blue altar of Sif Muna.
  4596 | D:5      | Found a glowing silver altar of Zin.
  4596 | D:5      | Noticed Duvessa
  4596 | D:5      | Noticed Dowan
  4610 | D:5      | Killed Duvessa
  4778 | D:5      | Killed Dowan
  5237 | D:6      | Reached XP level 8. HP: 41/41 MP: 4/14
  5753 | D:6      | Reached * piety under Vehumet
  5753 | D:6      | Offered knowledge of Shock by Vehumet.
  5934 | D:6      | Noticed Sigmund
  5941 | D:6      | Killed Sigmund
  6199 | D:6      | Reached XP level 9. HP: 45/45 MP: 18/21
  6541 | D:7      | Killed Eustachio
  6825 | D:7      | Reached skill level 10 in Spellcasting
  6860 | D:7      | Found Pyijaf's Weapon Boutique.
  6867 | D:7      | Learned a level 5 spell: Fireball
  6943 | D:7      | Offered knowledge of Sandblast by Vehumet.
  7238 | D:8      | Reached ** piety under Vehumet
  7256 | D:8      | Reached skill level 5 in Dodging
  7450 | D:8      | Found Anubobaono's Book Emporium.
  7577 | D:8      | Learned a level 2 spell: Swiftness
  7635 | D:8      | Reached skill level 1 in Charms
  7827 | D:9      | Reached skill level 5 in Charms
  8092 | D:9      | Offered knowledge of Searing Ray by Vehumet.
  8092 | D:9      | Reached XP level 10. HP: 50/50 MP: 16/26
  8268 | D:9      | Found a staircase to the Orcish Mines.
  8394 | D:10     | Entered Level 10 of the Dungeon
  8431 | D:9      | Reached *** piety under Vehumet
  8615 | D:9      | Found a roughly hewn altar of Beogh.
  8947 | D:10     | Offered knowledge of Fulminant Prism by Vehumet.
  9207 | D:10     | Reached skill level 10 in Fire Magic
  9209 | D:10     | Noticed a two-headed ogre
  9215 | D:10     | Killed a two-headed ogre
  9215 | D:10     | Reached skill level 10 in Conjurations
  9560 | D:10     | Reached **** piety under Vehumet
  9656 | D:10     | Killed an unseen horror
  9737 | D:10     | Noticed a catoblepas
  9756 | D:10     | Killed a catoblepas
  9756 | D:10     | Reached XP level 11. HP: 48/54 MP: 10/27
  9800 | D:10     | Offered knowledge of Bolt of Draining by Vehumet.
  9826 | D:10     | Found a staircase to the Lair.
 10622 | Lair:1   | Entered Level 1 of the Lair of Beasts
 10731 | Lair:1   | Reached skill level 1 in Fighting
 10733 | Lair:1   | Slain by a blink frog

Vault maps used:
D:1:      lemuel_arrival_room
D:2:      first_bread
D:3:      uniq_natasha
D:4:      kennysheep_mini, grunt_qazlal_clouds
D:5:      old_standard_altar, nicolae_overflow_crystal_walls, temple_green,
          minmay_gold_behind_fungi, minivault_14, uniq_duvessa, uniq_eustachio
D:6:      hangedman_abyss_or_decor_jellyfish_corner, uniq_sigmund
D:7:      serial_shops, shop
D:8:      cheibrodos_worm_habitat, serial_shops, shop_fountains
D:9:      minmay_orc_entry_temple_large
D:10:     grunt_lair_entry_orc_guard_hut, blue_anna_alchemist
Temple:   dpeg_five_rooms_temple
Lair:1:   portal_ice_cave_entry_pillars_1, beast_lair_carwin_9

Skill      XL: |  1  2  3  4  5  6  7  8  9 10 11 |
---------------+----------------------------------+-----
Conjurations   | 2 3 4 5 7 9 11 | 11.0
Fire Magic     | 4 5 6 7 8 11 | 11.1
Spellcasting   | 7 10 | 10.1
Dodging        | 5 9 |  9.0
Charms         | 6 |  6.0
Fighting       | 1 |  1.4
Stealth        | |  2.4

Action                   |  1- 3 |  4- 6 |  7- 9 | 10-12 || total
-------------------------+-------+-------+-------+-------++-------
Melee: Unarmed           |     1 |       |       |       ||     1
       Short sword       |       |    10 |       |       ||    10
       Flail             |       |       |   112 |     1 ||   113
 Cast: Flame Tongue      |    62 |   114 |   317 |   229 ||   722
       Conjure Flame     |       |       |     7 |     4 ||    11
       Sticky Flame      |       |       |     7 |    19 ||    26
       Swiftness         |       |       |     1 |     1 ||     2
       Fireball          |       |       |       |    19 ||    19
  Use: Scroll            |       |    11 |     5 |       ||    16
       Potion            |       |     1 |     1 |       ||     2
  Eat: Chunk             |     2 |     5 |    12 |     8 ||    27
       Bread ration      |       |       |     1 |     1 ||     2
Armor: Robe              |     3 |    11 |    62 |    16 ||    92
Dodge: Dodged            |    19 |    37 |   151 |    69 ||   276

Table legend:
 A = Spawn XP
 B = Non-spawn XP
 C = Spawn XP percentage of total XP
 D = Spawn monster count
 E = Non-spawn monster count
 F = Spawn count percentage of total count
 G = Total turns spent on level
                    A         B        C        D         E        F      G
               +---------+---------+-------+---------+---------+-------+---------
         Total |       0 |   15257 |   0.0 |       0 |     268 |   0.0 | 10733
               +---------+---------+-------+---------+---------+-------+---------
           D:1 |       0 |      24 |   0.0 |       0 |      13 |   0.0 |   984
           D:2 |       0 |      47 |   0.0 |       0 |      21 |   0.0 |   956
           D:3 |       0 |     229 |   0.0 |       0 |      29 |   0.0 |  1008
           D:4 |       0 |     374 |   0.0 |       0 |      21 |   0.0 |  1016
           D:5 |       0 |     542 |   0.0 |       0 |       9 |   0.0 |  1086
           D:6 |       0 |    1755 |   0.0 |       0 |      33 |   0.0 |  1115
           D:7 |       0 |     975 |   0.0 |       0 |      18 |   0.0 |   774
           D:8 |       0 |    1140 |   0.0 |       0 |      25 |   0.0 |   741
           D:9 |       0 |    2261 |   0.0 |       0 |      40 |   0.0 |  1051
          D:10 |       0 |    6184 |   0.0 |       0 |      52 |   0.0 |  1645
        Lair:1 |       0 |    1726 |   0.0 |       0 |       7 |   0.0 |   111
               +---------+---------+-------+---------+---------+-------+---------
